AoeStats
← NuMa | Gacha

Arabia

507603547Analyzed
2v2 RM · 15d ago on Sep 19, 2026· 53m 23s· 4 players
Game mode
Random Map
Map size
Medium (4 player)
Population
200
Speed
Normal
Resources
Standard
Victory
Conquest
Starting age
Dark Age
Ending age
Imperial Age
RankedLock teamsTeams togetherTeam positionsShared explorationLock speedFull tech treeHidden civsTurbo modeCheats
Victory
Defeat
🇨🇴 Persians · Colombia
1079
+16
🇮🇳 Britons · India
1072
+17
🇵🇪 Persians · Peru
1093
-17
🇨🇴 Khmer · Colombia
1080
-16
P A T S H A
7:13 Loom
9:23 Feudal Age
10:12 Double-Bit Axe
17:07 Fletching
17:18 Padded Archer Armor
26:47 Castle Age
26:32 Forging
26:31 Scale Mail Armor
27:34 Bodkin Arrow
27:32 Crossbowman
31:36 Leather Archer Armor
32:21 Town Watch
33:11 Wheelbarrow
34:30 Ballistics
45:09 Imperial Age
43:08 Bow Saw
44:28 Pikeman
45:09 Squires
44:54 Gambesons
44:56 Arson
46:45 Halberdier
50:24 Yeomen
49:29 Arbalester
54:07 Conscription
NuMa | Gacha
7:23 Loom
11:08 Feudal Age
11:19 Man-at-Arms
16:05 Double-Bit Axe
18:08 Bloodlines
19:50 Bloodlines
24:32 Castle Age
22:45 Forging
23:07 Gold Mining
24:43 Scale Barding Armor
30:30 Husbandry
32:29 Chain Barding Armor
32:06 Stone Mining
34:12 Wheelbarrow
33:50 Bow Saw
35:21 Town Watch
37:50 Iron Casting
45:54 Imperial Age
45:36 Cavalier
47:34 Blast Furnace
47:55 Two-Man Saw
47:42 Gold Shaft Mining
48:14 Plate Barding Armor
48:50 Stone Shaft Mining
47:55 Cavalier
49:40 Savar
hmora
3:55 Loom
9:35 Feudal Age
10:21 Double-Bit Axe
10:23 Horse Collar
20:40 Castle Age
19:50 Bloodlines
20:04 Gold Mining
20:41 Scale Barding Armor
31:45 Bow Saw
33:12 Chain Barding Armor
34:00 Forging
41:10 Husbandry
46:32 Fletching
46:42 Padded Archer Armor
50:16 Wheelbarrow
49:19 Elite Skirmisher
51:07 Iron Casting
castle.franz06
0:51 Loom
14:24 Feudal Age
26:03 Castle Age
26:17 Town Watch
29:30 Fletching
30:27 Bodkin Arrow
32:27 Parthian Tactics
33:37 Padded Archer Armor
35:52 Husbandry
36:37 Bloodlines
36:27 Double-Bit Axe
39:21 Thumb Ring
Connection lost

Rejoining the realm…

Still unreachable

The connection could not be restored.

Session expired

The server has moved on; the page needs a fresh start.